 Dungeon Crawl Stone Soup version 0.18-a0-1060-g4fac74f (webtiles) character file.

731 namelastname112 the Martial Artist (level 7, -1/51 HPs)
             Began as a Mottled Draconian Wizard on Jan 12, 2016.
             Was a Follower of Ru.
             Slain by a gnoll
             ... wielding a +0 whip
              (8 damage)
             ... on level 6 of the Dungeon.
             The game lasted 00:14:49 (6881 turns).

namelastname112 the Martial Artist (DrWz)           Turns: 6881, Time: 00:14:50

Health: -1/51      AC:  8    Str: 10    XL:     7   Next: 45%
Magic:  11/11      EV: 12    Int: 19    God:    Ru [*.....]
Gold:   230        SH:  0    Dex: 11    Spells: 1 memorised, 11 levels left

rFire  . . .     SeeInvis .     r - +3 dagger (venom)
rCold  . . .     Gourm    .     (armour unavailable)
rNeg   . . .     Faith    .     (no shield)
rPois  +         Spirit   .     a - +0 hat
rElec  .         Dismiss  +     (no cloak)
rCorr  .         Reflect  .     z - +1 pair of gloves
SustAt .         Harm     .     (no boots)
MR     .....                    q - amulet of dismissal
Stlth  +.........               H - ring of wizardry
                                g - ring of poison resistance

@: drained, not resistant to hostile enchantments, very unstealthy
A: breathe sticky flame splash, unfitting armour, cold-blooded, inexperienced 1,
AC +6
a: Breathe Sticky Flame, Renounce Religion


You were on level 6 of the Dungeon.
You worshipped Ru.
Ru was aware of your devotion.
You were not hungry.

You visited 2 branches of the dungeon, and saw 7 of its levels.

You collected 230 gold pieces.

Inventory:

Hand Weapons
 r - a +3 dagger of venom (weapon)
Armour
 a - a +0 hat (worn)
 z - a +1 pair of gloves (worn)
Jewellery
 g - a ring of poison resistance (left hand)
 q - an amulet of dismissal (around neck)
 E - an uncursed ring of magical power
 H - a ring of wizardry (right hand)
Wands
 y - a wand of digging (2/24)
 D - a wand of lightning (10/15)
Scrolls
 d - 8 scrolls of identify
 f - 3 scrolls of amnesia
 h - a scroll of recharging
 i - a scroll of enchant weapon
 k - 4 scrolls of teleportation
 l - 2 scrolls of remove curse
 n - a scroll of fear
 s - 2 scrolls of immolation
 F - a scroll of enchant armour
Potions
 e - 2 potions of flight
 j - 3 potions of heal wounds
 m - 5 potions of cancellation {unknown}
 p - 2 potions of resistance
 t - a potion of agility
 u - a potion of invisibility {unknown}
 v - a potion of mutation {unknown}
 x - 3 potions of ambrosia {unknown}
 A - a potion of poison {unknown}
 C - 3 potions of curing {unknown}
 G - 2 potions of cure mutation {unknown}
Books
 b - a book of Minor Magic

   Spells                             Type                      Level
   a - Magic Dart                     Conjuration                  1
   b - Blink                          Translocation                2
   c - Call Imp                       Summoning                    2
   d - Repel Missiles                 Charms/Air                   2
   e - Slow                           Hexes                        2
   f - Conjure Flame                  Conjuration/Fire             3
   g - Mephitic Cloud                 Conjuration/Poison/Air       3
Comestibles
 c - 6 bread rations
 w - 3 fruits
 B - a beef jerky


   Skills:
 - Level 0.4(0.0) Fighting
 - Level 1.8(1.4) Dodging
 - Level 1.7(1.3) Stealth
 + Level 11.4(10.8) Unarmed Combat
 - Level 3.0(2.5) Spellcasting
 - Level 1.0(0.6) Conjurations
   Level 1.0(0.6) Summonings
   Level 1.0(0.6) Translocations


You had 11 spell levels left.
You knew the following spells:

 Your Spells              Type           Power        Failure   Level  Hunger
z - Magic Dart            Conj           #...         6%          1    #......


Dungeon Overview and Level Annotations

Branches:
Dungeon (6/15)             Temple (1/1) D:4

Altars:
Ashenzari
Cheibriados
Fedhas
Kikubaaqudgha
Makhleb
Nemelex Xobeh
Pakellas
Qazlal
Ru
Sif Muna
Trog
Vehumet
Xom
Zin
The Shining One


Innate Abilities, Weirdness & Mutations

You can spit globs of burning liquid.
You can ignite nearby creatures when you spit burning liquid.
Your weird mottled scales are hard (AC +6).
Your body does not fit into most forms of armour.
You are cold-blooded and may be slowed by cold attacks.
You are somewhat inexperienced (-2 XL).


Message History

The gnoll misses you.
You closely miss the gnoll.
You tail-slap the gnoll, but do no damage.
The gnoll is moderately wounded.
The gnoll hits you with a whip.
* * * LOW HITPOINT WARNING * * *
You closely miss the gnoll.
The gnoll is moderately wounded.
The gnoll hits you but does no damage.
You hit the gnoll.
The gnoll is poisoned.
The gnoll is moderately wounded.
The gnoll misses you.
You barely miss the gnoll.
The gnoll is moderately wounded.
The gnoll hits you with a whip.
* * * LOW HITPOINT WARNING * * *
You hit the gnoll.
The gnoll is severely wounded.
The gnoll hits you with a whip!
You die...

#)##.#..[.........#≈#.##
###)##.#.##g####.######.##
#.....#..##.# #.# ##...##
###.##.####g####.# #⌠.#.⌠#
#.##.#....g<.[.#####...##
#.##.#.##.####.....##_##
#.........# #.########
#####.##.#.#######.#
......##........@g.#
..########.#########
#..........# #.##########
#.# #.# #.# ..# #.#


You could see a gnoll.

Vanquished Creatures
  Grinder (D:3)
  Eustachio (D:5)
  Edmund (D:6)
  An orc warrior (D:6)
  An ice beast (D:5)
  An ogre (D:5)
  A gnoll sergeant (D:6)
  3 scorpions
  4 wights (D:6)
  A centaur zombie (D:6)
  3 crimson imps
  2 hounds
  2 orc wizards
  5 orc priests
  Ijyb (D:3)
  An iguana (D:4)
  6 worker ants
  10 adders
  5 gnolls (D:6)
  An ooze (D:1)
  4 worms
  8 giant geckos
  19 orcs
  6 giant cockroaches
  8 goblins
  7 hobgoblins
  3 jackals (D:3)
  4 quokkas
  6 bats
  A giant gecko skeleton (D:4)
  A giant gecko zombie (D:5)
  2 giant newts
  6 kobolds
  6 rats
132 creatures vanquished.

Notes
Turn   | Place    | Note
--------------------------------------------------------------
     0 | D:1      | namelastname112 the Draconian Wizard began the quest for the Orb.
     0 | D:1      | Reached XP level 1. HP: 14/14 MP: 4/4
    47 | D:1      | Reached skill level 1 in Unarmed Combat
   224 | D:1      | Reached XP level 2. HP: 22/22 MP: 3/6
   299 | D:1      | Found a shattered altar of Ashenzari.
   815 | D:1      | Reached XP level 3. HP: 20/27 MP: 1/7
  1563 | D:2      | Reached XP level 4. HP: 20/34 MP: 8/8
  1568 | D:2      | Found a sparkling altar of Nemelex Xobeh.
  2101 | D:3      | Noticed Grinder
  2104 | D:3      | Reached skill level 4 in Unarmed Combat
  2532 | D:3      | Reached XP level 5. HP: 16/39 MP: 9/9
  2908 | D:3      | Killed Grinder
  2908 | D:3      | Reached skill level 6 in Unarmed Combat
  2908 | D:3      | Reached XP level 6. HP: 46/46 MP: 10/10
  3314 | D:3      | Noticed Ijyb
  3322 | D:3      | Killed Ijyb
  3521 | D:4      | You fall through a shaft!
  3521 | D:5      | Entered Level 5 of the Dungeon
  3552 | D:5      | Reached skill level 7 in Unarmed Combat
  3820 | D:4      | Reached XP level 7. HP: 47/51 MP: 11/11
  3820 | D:4      | Your scales start taking on a weird mottled colour.
  4420 | D:4      | Found a burning altar of Makhleb.
  4427 | D:4      | Reached skill level 8 in Unarmed Combat
  4453 | D:4      | Found a staircase to the Ecumenical Temple.
  4470 | Temple   | Entered the Ecumenical Temple
  4477 | Temple   | Became a worshipper of Ru the Awakened
  4940 | D:5      | Noticed Eustachio
  4954 | D:5      | Killed Eustachio
  4954 | D:5      | Reached skill level 9 in Unarmed Combat
  4954 | D:5      | Reached XP level 8. HP: 31/58 MP: 12/12
  5281 | D:5      | Found a sacrificial altar of Ru.
  5520 | D:5      | Reached skill level 10 in Unarmed Combat
  5568 | D:5      | Found an ancient bone altar of Kikubaaqudgha.
  5570 | D:5      | Found a blossoming altar of Fedhas.
  5867 | D:6      | Noticed Edmund
  5878 | D:6      | Killed Edmund
  5947 | D:6      | Found a shattered altar of Ashenzari.
  5947 | D:6      | Found a bloodstained altar of Trog.
  6250 | D:6      | Gained mutation: You are somewhat inexperienced (-2 XL). [Ru sacrifice]
  6250 | D:6      | Reached XP level 7. HP: 51/51 MP: 11/11
  6250 | D:6      | Reached XP level 6. HP: 46/46 MP: 10/10
  6250 | D:6      | Reached * piety under Ru
  6287 | D:6      | Reached skill level 11 in Unarmed Combat
  6310 | D:6      | Reached XP level 7. HP: 32/51 MP: 11/11
  6881 | D:6      | Slain by a gnoll

Vault maps used:
D:1:      matt_arrival_los_fun, evilmike_ruin_ashenzari
D:2:      nemelex_xobeh_ov_fountains_minmay
D:3:      uniq_iyjb, uniq_grinder
D:4:      lemuel_round_altar, minmay_temple_entry_butterflies, first_bread,
          guppyfry_early_orc_mine
D:5:      grunt_temple_overflow_growth_and_decay, hangedman_ru_absence,
          uniq_eustachio
D:6:      grunt_gozag_breadcrumbs, amethyst_overflow_temple_binary, uniq_edmund,
          uniq_crazy_yiuf_cottage
Temple:   nicolae_temple_x_marks_the_god

Action                   |  1- 3 |  4- 6 |  7- 9 || total
-------------------------+-------+-------+-------++-------
Melee: Unarmed           |   117 |    20 |       ||   137
       Dagger            |       |   168 |   273 ||   441
 Cast: Magic Dart        |    35 |       |       ||    35
Invok: Sacrifice Experie |       |     1 |       ||     1
 Abil: Breathe Sticky Fl |       |     2 |    10 ||    12
  Use: Scroll            |       |     6 |     9 ||    15
       Potion            |       |     1 |     1 ||     2
 Stab: Sleeping          |     3 |       |     2 ||     5
  Eat: Chunk             |     2 |     7 |     5 ||    14
       Meat ration       |       |       |     2 ||     2
